 Dungeon Crawl Stone Soup version 0.20.0-10-g0535bb4 (webtiles) character file.

415 anfisbena the Skirmisher (level 6, -4/35 HPs)
             Began as a Vine Stalker Fighter on June 3, 2017.
             Slain by a scorpion (6 damage)
             ... on level 4 of the Dungeon.
             The game lasted 00:02:59 (2748 turns).

anfisbena the Skirmisher (Vine Stalker Fighter)     Turns: 2748, Time: 00:03:00

Health: -4/35      AC:  7    Str: 18    XL:     6   Next: 92%
Magic:  0/7        EV:  7    Int:  8    God:
Gold:   250        SH:  9    Dex: 16    Spells: 5/5 levels left

rFire    . . .     SeeInvis .   a - +0 long sword
rCold    . . .     Gourm    .   c - +0 shield
rNeg     . . .     Faith    .   b - +0 scale mail
rPois    .         Spirit   +   k - +0 helmet
rElec    .         Reflect  .   (no cloak)
rCorr    .         Harm     .   (no gloves)
MR       .....                  (no boots)
Stlth    ..........             (no amulet)
Regen    0.6/turn               (no ring)
MPRegen  0.1/turn               (no ring)

@: lethally poisoned (-4 -> -9)
A: fangs 2, regeneration 1, magic shield, antimagic bite, no potion heal 3, rot
immunity
a: no special abilities


You were on level 4 of the Dungeon.
You were not hungry.

You visited 1 branch of the dungeon, and saw 4 of its levels.

You collected 250 gold pieces.

Inventory:

Hand Weapons
 a - a +0 long sword (weapon)
Armour
 b - a +0 scale mail (worn)
 c - a +0 shield (worn)
 k - a +0 helmet (worn)
Jewellery
 n - an uncursed ring of see invisible {unknown}
 s - a cursed ring of teleportation {unknown}
Wands
 e - a wand of digging (14/24)
 i - a wand of random effects (27/48)
Scrolls
 g - a scroll of magic mapping {unknown}
 h - 5 scrolls of identify {unknown}
 r - 2 scrolls of noise {unknown}
 v - 3 scrolls of remove curse {unknown}
 w - 2 scrolls of enchant armour {unknown}
 x - 2 scrolls of fog {unknown}
Potions
 d - 2 potions of agility
 j - a potion of heal wounds {unknown}
 m - a potion of berserk rage {unknown}
 p - a potion of mutation {unknown}
 t - a potion of brilliance {unknown}
Comestibles
 f - 4 bread rations
 l - a meat ration
 o - 2 royal jellies
 q - 4 fruits
 u - 3 chunks of flesh


   Skills:
 + Level 5.1 Fighting
 + Level 4.7 Long Blades
 - Level 2.4 Armour
 - Level 2.6 Shields


You had 5 spell levels left.
You didn't know any spells.

Dungeon Overview and Level Annotations

Branches:
Dungeon (4/15)
 Temple: D:4-7

Altars:
Cheibriados
Elyvilon
Kikubaaqudgha
Qazlal


Innate Abilities, Weirdness & Mutations

You have extremely sharp teeth.
Your natural rate of healing is unusually fast.
When hurt, damage is shared between your health and your magic reserves.
Your bite disrupts and absorbs the magic of your enemies.
Potions cannot restore your health.
You are immune to rotting.


Message History

The scorpion stings you.
* * * LOW HITPOINT WARNING * * *
You are more poisoned.
The scorpion poisons you!
You hit the scorpion but do no damage.
You bite the scorpion, but do no damage.
The scorpion is heavily wounded.
You feel sick. The scorpion stings you.
* * * LOW HITPOINT WARNING * * *
You are lethally poisoned!
The scorpion poisons you!
You hit the scorpion. Your bite misses the scorpion.
The scorpion is severely wounded.
* * * LOW HITPOINT WARNING * * *
You feel sick. You block the scorpion's attack.
You hit the scorpion.
The scorpion is severely wounded.
* * * LOW HITPOINT WARNING * * *
You feel sick. The scorpion stings you!
You die...

.# #.(...# ##
#.##..# ######
#.#..)......?
.....#
#.#..........
.....#
#.#..........
.....# .#
#o#......#.##
.....#####...#
#o#......# #
.............#
#s#......#
.....#####...#
#@#......#
.....# .# #.#
.....# #.#
.....# ..#
.....# ###
.....# ###.##
....#
#########


You could see a scorpion and 2 orcs.

Vanquished Creatures
  The ghost of Larmestyx the Sneak, an amateur VSEn (D:4)
  A hound (D:4)
  An orc priest (D:4)
  Jessica (D:3)
  2 orc wizards
  A worker ant (D:4)
  Robin (D:2)
  4 adders
  An ooze (D:3)
  A worm (D:4)
  A dart slug (D:2)
  6 leopard geckos
  8 orcs
  3 ball pythons
  6 giant cockroaches
  11 goblins
  15 hobgoblins
  A ball python skeleton (D:4)
  5 bats
  4 frilled lizards
  7 kobolds
  9 rats
90 creatures vanquished.

Vanquished Creatures (others)
  A hobgoblin (D:2)
1 creature vanquished.

Grand Total: 91 creatures vanquished

Notes
Turn   | Place    | Note
-------+----------+-------------------------------------------
     0 | D:1      | anfisbena the Vine Stalker Fighter began the quest for the Orb.
     0 | D:1      | Reached XP level 1. HP: 11/11 MP: 2/2
   219 | D:1      | Reached XP level 2. HP: 16/16 MP: 3/3
   225 | D:1      | Reached skill level 3 in Fighting
   864 | D:2      | Noticed Robin
   876 | D:2      | Reached XP level 3. HP: 11/20 MP: 1/4
  1119 | D:2      | Killed Robin
  1357 | D:2      | Found a white marble altar of Elyvilon.
  1492 | D:2      | Gained mutation: Your natural rate of healing is unusually fast. [Vine Stalker growth]
  1492 | D:2      | Reached XP level 4. HP: 24/24 MP: 5/5
  1913 | D:2      | Found a faded altar of an unknown god.
  1913 | D:2      | Found a stormy altar of Qazlal.
  1918 | D:2      | Found a faded altar of an unknown god.
  1920 | D:2      | Found an ancient bone altar of Kikubaaqudgha.
  1921 | D:2      | Found a snail-covered altar of Cheibriados.
  2049 | D:3      | Noticed Jessica
  2063 | D:3      | Killed Jessica
  2063 | D:3      | Reached skill level 4 in Fighting
  2063 | D:3      | Reached XP level 5. HP: 5/29 MP: 4/6
  2392 | D:4      | Noticed Larmestyx's ghost (amateur VSEn)
  2406 | D:4      | Killed Larmestyx's ghost
  2406 | D:4      | Reached XP level 6. HP: 31/34 MP: 7/7
  2518 | D:4      | Reached skill level 5 in Fighting
  2748 | D:4      | Slain by a scorpion

Skill      XL: |  1  2  3  4  5  6 |
---------------+-------------------+-----
Long Blades    | 2 3 4 |  4.7
Fighting       | 3 4 5 |  5.1
Armour         | |  2.4
Shields        | |  2.6

Action                   |  1- 3 |  4- 6 || total
-------------------------+-------+-------++-------
Melee: Long sword        |    79 |   159 ||   238
       Bite              |    18 |    47 ||    65
  Use: Potion            |       |     5 ||     5
  Eat: Chunk             |     2 |     4 ||     6
Armor: Scale mail        |    32 |    73 ||   105
       Skin              |       |     5 ||     5
Dodge: Dodged            |    37 |    50 ||    87
Block: Shield            |    31 |    83 ||   114
       Rpst.: Long sword |    13 |    15 ||    28
